 Dungeon Crawl Stone Soup version 0.24.0-37-gcf1ca852f1 (webtiles) character file.

Game seed: 17198159829395792788, levelgen mode: deterministic

7 Amplified the Sneak (level 2, -2/25 HPs)
             Began as a Naga Enchanter on Nov 27, 2019.
             Slain by a jackal (3 damage)
             ... on level 1 of the Dungeon.
             The game lasted 00:00:35 (47 turns).

Amplified the Sneak (Naga Enchanter)                  Turns: 47, Time: 00:00:36

Health: -2/25      AC:  1    Str: 15    XL:     2   Next: 0%
Magic:  5/5        EV: 10    Int: 15    God:
Gold:   0          SH:  0    Dex: 11    Spells: 4/5 levels left

rFire    . . .     SeeInvis +   e - +1 short sword (venom)
rCold    . . .     Gourm    .   (no shield)
rNeg     . . .     Faith    .   b - +0 robe
rPois    +         Spirit   .   (no helmet)
rElec    .         Reflect  .   (no cloak)
rCorr    .         Harm     .   (no gloves)
MR       .....                  (no barding)
Stlth    +++.......             (no amulet)
HPRegen  0.08/turn              (no ring)
MPRegen  0.09/turn              (no ring)

@: mighty, short of breath, very slow
A: large, see invisible, deformed body, poison resistance, slowness 2, slow
metabolism 1, spit poison 1, AC +0
a: Spit Poison


You were on level 1 of the Dungeon.
You were not hungry.

You visited 1 branch of the dungeon, and saw 1 of its levels.

Inventory:

Hand Weapons
 a - a +1 dagger
 e - a +1 short sword of venom (weapon)
Missiles
 g - 13 poisoned darts (quivered)
Armour
 b - a +0 robe (worn)
Comestibles
 d - a ration
 f - a chunk of flesh


   Skills:
 * Level 1.0 Fighting
 - Level 1.0 Short Blades
 - Level 1.5 Dodging
 * Level 4.8 Stealth
 - Level 2.0 Spellcasting
 - Level 3.0 Hexes


You had 4 spell levels left.
You knew the following spells:

 Your Spells              Type           Power        Failure   Level  Hunger
a - Corona                Hex            ##.....      6%          1    #......

Your spell library contained the following spells:

 Spells                   Type           Power        Failure   Level  Hunger
 Ensorcelled Hibernation  Hex/Ice        #.....       19%         2    ###....
 Confuse                  Hex            ##......     19%         3    ###....
 Tukima's Dance           Hex            ##......     19%         3    ###....
 Dazzling Spray           Conj/Hex       #.....       34%         3    ###....


Dungeon Overview and Level Annotations

Branches:
Dungeon (1/15)

Altars:
Nemelex Xobeh


Innate Abilities, Weirdness & Mutations

You cannot wear boots.
Your serpentine skin is tough. (AC +0)
You have supernaturally acute eyesight. (SInv)
Armour fits poorly on your strangely shaped body.
Your system is resistant to poisons. (rPois)
You cover ground very slowly.
You have a slow metabolism.
You can spit poison.


Message History

You hit the goblin.
You kill the goblin!
Your Fighting skill increases to level 1!
You have reached level 2!
The jackal bites you.
* * * LOW HITPOINT WARNING * * *
Unknown command.
You barely miss the jackal. The jackal bites you.
* * * LOW HITPOINT WARNING * * *
The jackal barely misses you.
Unknown command.
You aren't carrying any scrolls.
Unknown command.
Okay, then.
Press: ? - help, Shift-Dir - straight line, f - rat
Aim: a rat The splash of poison hits the jackal but does no damage.
You feel slightly more hungry. The jackal barely misses you.
The jackal bites you.
You die...

≈.........###,,,.,,,,,,,,,,,,,*
♣≈.........###...##..,,,,,,,,,*
⌠♣≈...........#......,,,,,,,,,*
♣≈.........##.#.#....,,,,,,,,,**
≈........#.#*.#.#...,,,,,,,,,,,**
........##.##,....#*,,,,,,,,,,,,*
#........†..###...##*,,.,,,,,,,,*
........##........h##...,,,,,,,,*
.######..#......@hr.....,,,,,,,,*
,,,,,*##.#......h)......,,,,,,,,*
****,,,#..............#.,,,,,,,**
,,,,,...............>...,,,,,,,**
*****###..⌠.⌠...........,,,,,,,,*
** *,,....._..##........,,,,,,,,*
,* *,#####⌠.⌠.##........,,,,,,,,*
,***,* ##...###.......,,,,,,,,*
,,,,,* #####*,.......,,,,,,,,*


You could see 3 jackals and a rat.

Vanquished Creatures
  A dart slug (D:1)
  A giant cockroach (D:1)
  2 goblins (D:1)
4 creatures vanquished.

Notes
Turn   | Place    | Note
-------+----------+-------------------------------------------
     0 | D:1      | Amplified the Naga Enchanter began the quest for the Orb.
     0 | D:1      | Reached XP level 1. HP: 15/15 MP: 3/3
    21 | D:1      | Found a sparkling altar of Nemelex Xobeh.
    45 | D:1      | Reached skill level 1 in Fighting
    45 | D:1      | Reached XP level 2. HP: 5/25 MP: 5/5
    46 | D:1      | HP: 1/25 [jackal (2)]
    47 | D:1      | Slain by a jackal

Levels and vault maps discovered:
D:1:      ldierk_water_garden, layout_rooms, nemelex_xobeh_ov_fountains_minmay

Skill      XL: |  1 |
---------------+----+-----
Fighting       | 1 |  1.0
Short Blades   | |  1.0
Dodging        | |  1.5
Stealth        | |  4.8
Spellcasting   | |  2.0
Hexes          | |  3.0

Action                   || total
-------------------------++-------
Melee: Dagger            ||     4
       Short sword       ||     2
 Abil: Spit Poison       ||     1
  Use: Scroll            ||     1
       Potion            ||     1
Dodge: Dodged            ||    11
